 Dungeon Crawl Stone Soup version 0.29.1-2-gbd0b4ee654 (webtiles) character file.

Game seed: 6909455939217320127

19 Firos the Trooper (level 2, -1/27 HPs)
             Began as a Hill Orc Monk on Nov 8, 2022.
             Slain by an endoplasm (2 damage)
             ... on level 1 of the Dungeon.
             The game lasted 00:00:59 (312 turns).

Firos the Trooper (Hill Orc Monk)                    Turns: 312, Time: 00:00:59

Health: -1/27      AC:  3    Str: 13    XL:     2   Next: 75%
Magic:  2/2        EV: 12    Int: 10    God:
Gold:   59         SH:  0    Dex: 13    Spells: 1/1 levels left

rFire   . . .      SeeInvis .   a - +0 spear
rCold   . . .      Faith    .   (no shield)
rNeg    . . .      Spirit   .   f - +0 leather armour
rPois   .          Reflect  .   (no helmet)
rElec   .          Harm     .   (no cloak)
rCorr   .          Rampage  .   (no gloves)
Will    .....                   (no boots)
Stlth   ++........              (no amulet)
HPRegen 0.09/turn               (no ring)
MPRegen 0.08/turn               (no ring)

@: invisible
A: no striking features
a: no special abilities


You were on level 1 of the Dungeon.
You visited 1 branch of the dungeon, and saw 1 of its levels.

You collected 59 gold pieces.

Inventory:

Hand Weapons
 a - a +0 spear (weapon)
Missiles
 b - 4 atropa-tipped darts (quivered)
Armour
 f - a +0 leather armour (worn)
Scrolls
 d - a scroll of immolation {unknown}
Potions
 c - a potion of ambrosia


   Skills:
 + Level 3.9 Fighting
 * Level 3.8 Polearms
 + Level 1.0 Armour
 - Level 2.4 Dodging
 - Level 1.5 Stealth


You had one spell level left.
You didn't know any spells.
Your spell library was empty.

Dungeon Overview and Level Annotations

Branches:
Dungeon (1/15)

Altars:


Message History

You kill the giant cockroach!
Your Armour skill increases to level 1!
You hit the rat but do no damage. The rat closely misses you.
You hit the rat.
You kill the rat!
You barely miss the ball python. The ball python closely misses you.
You closely miss the ball python. The ball python barely misses you.
The ball python misses you.
You catch the helpless ball python completely off-guard!
You hit the ball python.
You kill the ball python!
The bat barely misses you.
You miss the bat. The bat hits you.
* * * LOW HITPOINT WARNING * * *
The bat closely misses you.
You barely miss the bat. The bat hits you but does no damage.
You closely miss the bat. The bat hits you but does no damage.
You hit the bat but do no damage. The bat hits you but does no damage.
You hit the bat.
The bat is moderately wounded.
The bat closely misses you. The bat barely misses you.
You hit the bat.
You kill the bat!
You closely miss the kobold.
The kobold is heavily wounded.
The kobold hits you with a +0 whip.
* * * LOW HITPOINT WARNING * * *
You hit the kobold.
You kill the kobold!
Reach: a) +0 spear
Press: ? - help, Dir - move target, f - hobgoblin
Aim: a hobgoblin (unable to see you, about 38% to evade your +0 spear)
You reach to attack!
You barely miss the hobgoblin. You hit the endoplasm.
The endoplasm is severely wounded.
The endoplasm closely misses you.
You hit the endoplasm but do no damage.
The endoplasm is severely wounded.
The endoplasm hits you.
You die...

. #......#....... .##
#......#....... ..##
.......#....... ####..#
.......+....... ......#
.......#....... ..†...#
#+# #.....S... ###...#
#.###rg#######
###.†.#####.##.#J#
.##.........##K#@#
.##.........##.#≈# .#
..#.........##r#≈# #.#
..#..........#.#≈# #.#
..#...........g#.# #.#
..#..######.#.†#.###.####
..+..# #.#...........#
..#.. #.#...........#
..#.. #.##..........#


You could see an endoplasm, a hobgoblin (unable to see you) and a rat (unable to
see you).

Vanquished Creatures
  A ball python (D:1)
  2 endoplasms (D:1)
  2 giant cockroaches (D:1)
  A hobgoblin (D:1)
  4 jackals (D:1)
  2 kobolds (D:1)
  2 bats (D:1)
  2 rats (D:1)
16 creatures vanquished.

Notes
Turn   | Place    | Note
-------+----------+-------------------------------------------
     0 | D:1      | Firos the Hill Orc Monk began the quest for the Orb.
     0 | D:1      | Reached XP level 1. HP: 19/19 MP: 1/1
    71 | D:1      | Reached XP level 2. HP: 19/27 MP: 2/2
   297 | D:1      | Reached skill level 1 in Armour
   308 | D:1      | HP: 1/27 [kobold/+0 whip (3)]
   312 | D:1      | Slain by an endoplasm

Illustrated notes

Levels and vault maps discovered:
D:1:      dpeg_arrival_refuge, layout_basic, corexii_corridor_pit

Skill      XL: |  1  2 |
---------------+-------+-----
Armour         | 1 |  1.0
Fighting       | |  3.9
Polearms       | |  3.8
Dodging        | |  2.4
Stealth        | |  1.5

Action                   || total
-------------------------++-------
Melee: Spear             ||    70
  Use: Potion            ||     1
 Stab: Invisible         ||     2
       Sleeping          ||     1
Armor: Leather armour    ||    27
Dodge: Dodged            ||    74
